 Dungeon Crawl Stone Soup version 0.30-a0-439-g9e77e4d916 (webtiles) character file.

Game seed: 157122993018213574

44 AigisTheKnight the Digger (level 3, -1/20 HPs)
             Began as a Gargoyle Earth Elementalist on Dec 11, 2022.
             Slain by Terence
             ... wielding a +2 mace of protection
              (7 damage)
             ... on level 2 of the Dungeon.
             The game lasted 00:02:10 (1608 turns).

AigisTheKnight the Digger (GrEE)                    Turns: 1608, Time: 00:02:10

Health: -1/20      AC:  6    Str: 11    XL:     3   Next: 62%
Magic:  0/6        EV: 12    Int: 17    God:
Gold:   81         SH:  0    Dex: 10    Spells: 5/6 levels left

rFire   . . .      SeeInvis .    (no weapon)
rCold   . . .      Faith    .    (no shield)
rNeg    + . .      Spirit   .    a - +0 robe
rPois   ∞          Reflect  .    (no helmet)
rElec   +          Harm     .    (no cloak)
rCorr   .          Rampage  .    h - +0 pair of gloves
Will    .....                    (no boots)
Stlth   ++........               (no amulet)
HPRegen 0.23/turn                (no ring)
MPRegen 0.10/turn                (no ring)

@: studying Throwing
A: sickness immunity, AC +3, negative energy resistance 1, electricity
resistance, torment resistance 1, petrification resistance
a: no special abilities


You were on level 2 of the Dungeon.
You visited 1 branch of the dungeon, and saw 2 of its levels.

You collected 81 gold pieces.

Inventory:

Hand Weapons
 i - a +0 war axe
Armour
 a - a +0 robe (worn)
 h - a +0 pair of gloves (worn)
Scrolls
 c - 3 scrolls of identify {unknown}
 d - a scroll of blinking {unknown}
Potions
 b - a potion of magic
 e - a potion of curing {unknown}
 f - 2 potions of heal wounds {unknown}
 g - a potion of flight {unknown}
 j - a potion of haste {unknown}


   Skills:
 + Level 1.3 Fighting
 + Level 2.0 Dodging
 - Level 2.1 Stealth
 + Level 2.3 Spellcasting
 + Level 1.3 Conjurations
 - Level 0.7 Transmutations
 + Level 4.0 Earth Magic


You had 5 spell levels left.
You knew the following spells:

 Your Spells              Type           Power      Damage    Failure   Level
a - Sandblast             Erth           30%        2d9       3%          1

Your spell library contained the following spells:

 Spells                   Type           Power      Damage    Failure   Level
 Passwall                 Tmut/Erth      8%         N/A       11%         2
 Stone Arrow              Conj/Erth      22%        3d8       19%         3
 Petrify                  Tmut/Erth      10%        N/A       56%         4


Dungeon Overview and Level Annotations

Branches:
Dungeon (2/15)

Altars:
Xom

Shops:
D:1 *

Annotations:
D:2 Terence


Innate Abilities, Weirdness & Mutations

You are immune to sickness and miasma.
Your stone body is resilient. (AC +3)
You are immune to poison.
You resist negative energy. (rN+)
You are resistant to electric shocks. (rElec)
You are resistant to unholy torment.
You are immune to petrification.


Message History

Unknown command.
You are now empty-handed.
You hit Terence.
Terence is moderately wounded.
Terence hits you but does no damage.
You hit Terence.
Terence is heavily wounded.
You feel less wooden.
Your +0 pair of gloves unmelds from your body.
Your +0 robe unmelds from your body.
Terence hits you with a +2 mace of protection.
* * * LOW HITPOINT WARNING * * *
Casting: Sandblast (safe; 3% risk of failure)
Confirm with . or Enter, or press ? or * to list all spells.
Aiming: Sandblast (safe; 3% risk of failure)
Press: ? - help, Shift-Dir - straight line, f/p - Terence
Aim: Terence, wielding a +2 mace of protection, wearing a +1 ring mail of cold resistance and carrying a wand of polymorph (12) (heavily wounded, 84% to hit)
The blast of sand hits Terence but does no damage.
Terence is heavily wounded.
Terence completely misses you.
Casting: Sandblast (safe; 3% risk of failure)
Confirm with . or Enter, or press ? or * to list all spells.
You don't have enough magic to cast this spell.
Unknown command.
Unknown command.
Terence attacks as you move away! Terence hits you but does no damage.
Terence attacks as you move away! Terence hits you but does no damage.
Terence attacks as you move away!
Terence hits you with a +2 mace of protection.
* * * LOW HITPOINT WARNING * * *
Terence zaps a wand.
You resist with significant effort.
Casting: Sandblast (safe; 3% risk of failure)
Confirm with . or Enter, or press ? or * to list all spells.
Aiming: Sandblast (safe; 3% risk of failure)
Press: ? - help, Shift-Dir - straight line, f/p - Terence
Aim: Terence, wielding a +2 mace of protection, wearing a +1 ring mail of cold resistance and carrying a wand of polymorph (11) (moderately wounded, 84% to hit)
The blast of sand hits Terence but does no damage.
Terence is moderately wounded.
Terence hits you with a +2 mace of protection!
You die...

### # ##.## .##
##...## ..#
#.....# #..+
+..<..' ##..#
#.....# #..####
###...## #@###.##
##.##.##.
#@##...###...###..
#.'..⌠..'.....'...
#.##...###...#'#..
#.###.## ##.##.##.
#.##### ###...##
#..### .... ##...+
.....+ ##.##
....[#


You could see Terence.

Vanquished Creatures
  An adder (D:2)
  An orc (D:2)
  2 ball pythons (D:1)
  3 endoplasms
  2 giant cockroaches
  2 goblins (D:1)
  4 hobgoblins
  2 jackals (D:1)
  3 quokkas
  2 frilled lizards (D:1)
  5 kobolds
  4 rats
31 creatures vanquished.

Notes
Turn   | Place    | Note
-------+----------+-------------------------------------------
     0 | D:1      | AigisTheKnight the Gargoyle Earth Elementalist began the
                  | quest for the Orb.
     0 | D:1      | Reached XP level 1. HP: 10/10 MP: 3/3
   145 | D:1      | Found Hutwes Hiatz's General Store.
   247 | D:1      | Reached XP level 2. HP: 16/16 MP: 0/5
   529 | D:1      | Reached skill level 1 in Conjurations
   531 | D:1      | Reached skill level 1 in Fighting
   649 | D:1      | Reached XP level 3. HP: 20/20 MP: 4/6
  1137 | D:2      | Found a shimmering altar of Xom.
  1242 | D:2      | Reached skill level 4 in Earth Magic
  1337 | D:2      | Identified the +2 scale mail of Xubryten {Stlth+}
  1585 | D:2      | Noticed Terence
  1608 | D:2      | Slain by Terence

Illustrated notes

Levels and vault maps discovered:
D:1:      moated_graveyard_arrival, layout_loops_ring, serial_rivers,
          chequers_serial_rivers_micro_e, chequers_serial_rivers_large_a,
          chequers_serial_rivers_small_a, chequers_serial_rivers_micro_d,
          chequers_serial_rivers_micro_c, chequers_serial_rivers_micro_e,
          serial_shops, nicolae_shop_hallway_plus, minmay_octomino_c4
D:2:      layout_loops_cross, basic_altar, minmay_misc_feat_alley,
          nicolae_hexahallways, uniq_terence, uniq_crazy_yiuf_cottage

Skill      XL: |  1  2  3 |
---------------+----------+-----
Conjurations   | 1 |  1.3
Fighting       | 1 |  1.3
Earth Magic    | 4 |  4.0
Dodging        | 2 |  2.0
Stealth        | |  2.1
Spellcasting   | |  2.3
Transmutations | |  0.7

Action                   || total
-------------------------++-------
Melee: Unarmed           ||    17
       Punch             ||     2
       War axe           ||     8
 Cast: Sandblast         ||    46
Armor: Robe              ||    12
       Skin              ||     6
Dodge: Dodged            ||    27

Table legend: (Time is in decaauts)
 A = Elapsed time spent in this place.
 B = Non-inter-level travel time spent in this place.
 C = Inter-level travel time spent in this place.
 D = Time resting spent in this place.
 E = Time spent auto-exploring this place.
 F = Levels seen in this place.
 G = Mean time per level.
                   A        B        C        D        E       F      G
               +--------+--------+--------+--------+--------+-----+--------+
         Total |   1646 |   1599 |     47 |      9 |   1368 |   2 |  823.0 |
       Dungeon |   1646 |   1599 |     47 |      9 |   1368 |   2 |  823.0 |
               +--------+--------+--------+--------+--------+-----+--------+

Top non-repeatable levels by time:
     D:1: 1130 daAuts
     D:2: 515 daAuts
